cohdb
Replays
Latest Replays
All Replays
Popular Replays
Top Player Replays
Match Explorer
How It Works
Community
CoH3 Stats
Reddit
Sign in to upload your games and track your stats! →
Sign in with Steam
Match 44706419
Unlisted
Match 44706419
Overview
Messages
Build Orders
End
Royal Engineer Section
Construct Section Command Post
Selects Heavy Armor Battlegroup
Vickers Machine Gun Team
Infantry Section
Infantry Section
Construct Platoon Command Post
Selects Light Vehicle Withdraw and Refit
Selects Rigorous Vehicle Training
Humber Armored Car
Humber Armored Car
Infantry Training
Unlock M3 Stuart Light Tanks
M3 Stuart Light Tank
M3 Stuart Light Tank
DieJungeDüse
SmokeDrugs play Stugs
noFEAR
Arturokq
Bgola
Darth Wraith Bohemia Protektor
SLOVAK ARMY / 5th PSU /
Слизняк
0
0
Comments
sign in to comment!
No comments posted yet!